 Dungeon Crawl Stone Soup version 0.17-a0-1181-gabc46e6 (webtiles) character file.

788 lemaitre the Basher (level 7, -1/41 HPs)
             Began as a Gargoyle Fighter on May 31, 2015.
             Killed by divine providence
             ... invoked by an orc priest
              (9 damage)
             ... on level 5 of the Dungeon.
             The game lasted 00:07:06 (3930 turns).

lemaitre the Basher (Gargoyle Fighter)              Turns: 3930, Time: 00:07:07

Health: -1/41      AC: 19    Str: 24    XL:     7   Next: 87%
Magic:  7/7        EV:  5    Int:  9    God:
Gold:   224        SH: 11    Dex:  9    Spells: 0 memorised, 6 levels left

rFire  . . .     SeeInvis .     a - +1 flail
rCold  . . .     Clarity  .     u - -2 chain mail (curse)
rNeg   + . .     SustAt   .     b - +2 shield
rPois  ∞         Gourm    .     s - +2 helmet
rElec  +         Spirit   .     j - +2 cloak
rCorr  +         Warding  .     f - +0 pair of gloves
rMut   .         Stasis   .     (no boots)
MR     .....                    o - amulet of resist corrosion
Stlth  ..........               q - ring of teleport control
                                v - +3 ring of strength

@: not resistant to hostile enchantments, extremely unstealthy
A: negative energy resistance 1, electricity resistance, unbreathing,
petrification resistance, rot immunity, AC +4
a: Evoke Teleport Control


You were on level 5 of the Dungeon.
You were not hungry.

You visited 1 branch of the dungeon, and saw 5 of its levels.

You collected 224 gold pieces.

Inventory:

Hand weapons
 a - a +1 flail (weapon)
 t - a +2 dagger of distortion
Missiles
 c - 3 tomahawks (quivered)
Armour
 b - a +2 shield (worn)
 f - a +0 pair of gloves (worn)
 j - a +2 cloak (worn)
 l - a +0 ring mail of poison resistance
 s - a +2 helmet (worn)
 u - a cursed -2 chain mail (worn)
 x - a +0 plate armour
Jewellery
 o - an amulet of resist corrosion (around neck)
 q - a ring of teleport control (right hand)
 v - a +3 ring of strength (left hand)
Scrolls
 g - 2 scrolls of fear
 h - a scroll of enchant weapon
 k - a scroll of identify
 p - a scroll of noise {unknown}
Potions
 d - 4 potions of might
 i - 5 potions of curing
 m - a potion of brilliance
Books
 w - a book of Fire

   Spells                             Type                      Level
   a - Ignite Poison                  Fire/Transmutation/Poison    3
   b - Fireball                       Conjuration/Fire             5
   c - Bolt of Fire                   Conjuration/Fire             6
   d - Delayed Fireball               Conjuration/Fire             7
   e - Ring of Flames                 Charms/Fire                  7
Comestibles
 e - 5 bread rations
 n - 5 meat rations


   Skills:
 - Level 3.2 Fighting
 * Level 8.8 Maces & Flails
 - Level 3.2 Armour
 - Level 3.2 Shields


You had 6 spell levels left.
You didn't know any spells.

Dungeon Overview and Level Annotations

Branches:
Dungeon (5/15)
 Temple: D:4-7

Altars:
Ashenzari
Cheibriados
Makhleb
Qazlal
Sif Muna

Shops:
D:4 [


Innate Abilities, Weirdness & Mutations

You are resistant to torment.
Your stone body is resilient (AC +4).
You are immune to poison.
You resist negative energy.
You are resistant to electric shocks.
You can survive without breathing.
You are immune to petrification.
You are immune to rotting.


Message History

You are too injured to fight recklessly!
Unknown command.
You are too injured to fight recklessly!
You are too injured to fight recklessly!
You are too injured to fight recklessly!
Unknown command.
You are too injured to fight recklessly!
You are too injured to fight recklessly!
Unknown command.
You are too injured to fight recklessly!
Unknown command.
Something hits you but does no damage.
You sock the orc priest!
The orc priest is severely wounded.
You hear some strange, mumbled words.
A puff of flame appears from out of thin air!
You block the puff of flame.
The orc priest mumbles some strange prayers to Beogh against you.
Something smites you!
You die...

..# #...........#...#####
### #######....### .
###....######...
####......# .......
##.#......## .......
######....(##### .......
.......)..##..## .......
.#.#.#.#.<#.....##.......
..........##....@#)......
.#.#.#.#.######..o)......
.........# ##o........
.#.#.#.#..#####....#.....
.................##....#.
.#.#.#.#.................
..........)..........###.
.....................#
.....................#


You could see an orc priest and an orc.

Vanquished Creatures
  Duvessa (D:4)
  An ogre (D:4)
  The ghost of acidapple the Changer, an average DrTm (D:3)
  Dowan (D:4)
  A scorpion (D:5)
  An orc priest (D:4)
  Crazy Yiuf (D:3)
  A hound (D:5)
  3 worker ants (D:4)
  An iguana (D:5)
  A hound zombie (D:5)
  Robin (D:4)
  10 adders
  A worm (D:3)
  2 giant geckos
  9 orcs
  7 bats
  5 giant cockroaches
  19 goblins
  9 hobgoblins
  10 jackals
  7 kobolds
  A quokka (D:3)
  A ball python (D:2)
  3 giant newts
  7 rats
105 creatures vanquished.

Vanquished Creatures (others)
  An orc wizard (D:3)
1 creature vanquished.

Grand Total: 106 creatures vanquished

Notes
Turn   | Place    | Note
--------------------------------------------------------------
     0 | D:1      | lemaitre the Gargoyle Fighter began the quest for the Orb.
     0 | D:1      | Reached XP level 1. HP: 14/14 MP: 1/1
   257 | D:1      | Reached XP level 2. HP: 19/19 MP: 2/2
   849 | D:2      | Reached XP level 3. HP: 23/23 MP: 3/3
  1148 | D:2      | Reached skill level 4 in Maces & Flails
  1252 | D:2      | Reached XP level 4. HP: 26/28 MP: 4/4
  1706 | D:3      | Noticed acidapple's ghost (average DrTm)
  1722 | D:3      | Killed acidapple's ghost
  1722 | D:3      | Reached skill level 5 in Maces & Flails
  1722 | D:3      | Reached XP level 5. HP: 22/32 MP: 5/5
  2040 | D:3      | Found a shattered altar of Ashenzari.
  2089 | D:3      | Found a burning altar of Makhleb.
  2117 | D:3      | Noticed Crazy Yiuf
  2124 | D:3      | Killed Crazy Yiuf
  2124 | D:3      | Reached skill level 6 in Maces & Flails
  2124 | D:3      | Reached XP level 6. HP: 34/37 MP: 6/6
  2301 | D:3      | Found a deep blue altar of Sif Muna.
  2636 | D:3      | Found a stormy altar of Qazlal.
  2636 | D:3      | Noticed a fire elemental
  2638 | D:3      | Noticed an earth elemental
  2639 | D:3      | Noticed an air elemental
  2639 | D:3      | Noticed a water elemental
  2818 | D:4      | Found Lirodos's Antique Armour Shop.
  2866 | D:4      | Noticed Robin
  2929 | D:4      | Killed Robin
  3259 | D:4      | Reached skill level 7 in Maces & Flails
  3381 | D:4      | Noticed Duvessa
  3382 | D:4      | Noticed Dowan
  3391 | D:4      | Killed Duvessa
  3391 | D:4      | Reached XP level 7. HP: 35/41 MP: 7/7
  3428 | D:4      | Killed Dowan
  3602 | D:4      | Reached skill level 8 in Maces & Flails
  3776 | D:5      | Entered Level 5 of the Dungeon
  3876 | D:5      | Found a snail-covered altar of Cheibriados.
  3930 | D:5      | Killed from afar by an orc priest

Vault maps used:
D:1:      dpeg_arrival_subterranean_lakeside_camping
D:2:      first_bread
D:3:      nicolae_qazlal_style_of_elements, lemuel_crystal_altar,
          nicolae_overflow_hidden_temple, led_sif_book, uniq_crazy_yiuf_cottage
D:4:      serial_shops, nicolae_shop_overgrown_old_shop, uniq_duvessa,
          uniq_robin
D:5:      lemuel_crystal_altar, serial_glass, glass_columns_c, glass_columns_b,
          glass_columns_a, glass_columns_c, glass_columns_b, glass_columns_a,
          glass_columns_b, glass_columns_b, uniq_eustachio, uniq_sigmund,
          uniq_blork_the_orc

Action                   |  1- 3 |  4- 6 |  7- 9 || total
-------------------------+-------+-------+-------++-------
Melee: Flail             |   115 |   209 |    75 ||   399
  Use: Potion            |     1 |     2 |     1 ||     4
       Scroll            |       |     9 |       ||     9
  Eat: Chunk             |     1 |     7 |     2 ||    10
